 Dungeon Crawl Stone Soup version 0.29.0-4-gdea44cf6ec (webtiles) character file.

Game seed: 14017734073369286266

20916 qw the Cleaver (level 12, -4/72 HPs)
             Began as a Tengu Warper on Aug 28, 2022.
             Was a High Priest of Okawaru.
             Succumbed to an orange demon's poison
             ... on level 2 of the Lair of Beasts.
             The game lasted 00:01:32 (16463 turns).

qw the Cleaver (Tengu Warper)                      Turns: 16463, Time: 00:01:32

Health: -4/72      AC: 16    Str: 20    XL:     12   Next: 84%
Magic:  19/20      EV: 12    Int: 18    God:    Okawaru [*****.]
Gold:   714        SH: 14    Dex: 13    Spells: 15/15 levels left

rFire   . . .      SeeInvis +   Y - +2 war axe
rCold   + + .      Faith    .   f - +1 kite shield "Niroo" {rC++ rCorr}
rNeg    . . .      Spirit   .   a - +5 chain mail of the First Xenops {Str+4}
rPois   .          Reflect  .   (helmet restricted)
rElec   +          Harm     .   (no cloak)
rCorr   +          Rampage  .   (no gloves)
Will    .....                   (boots unavailable)
Stlth   ..........              (no amulet)
HPRegen 0.22/turn               t - ring of see invisible
MPRegen 0.17/turn               j - ring "Jyvvar" {rElec Int+3 Slay+4}

@: lethally poisoned (-4 -> -35), about to teleport, heroic, flying quickly and
evasively, quick
A: beak, talons 3, nimble flight
a: Renounce Religion, Heroism, Finesse, Duel


You were on level 2 of the Lair of Beasts.
You worshipped Okawaru.
Okawaru was extremely pleased with you.
You visited 3 branches of the dungeon, and saw 14 of its levels.

You collected 714 gold pieces.


Innate Abilities, Weirdness & Mutations

You have a beak for a mouth.
You have claws for feet.
Your magical nature lets you fly swiftly and evasively.


   Skills:
 - Level 7.1(12.1) Fighting
 + Level 14.1(19.1) Axes
 - Level 1.0(6.0) Throwing
 - Level 5.0(10.0) Armour
 - Level 4.2(9.2) Dodging
 - Level 9.1(14.1) Shields
 - Level 2.0 Spellcasting
 - Level 2.4 Translocations
 - Level 10.0 Invocations


You had 15 spell levels left.
You didn't know any spells.
Your spell library contained the following spells:

 Spells                   Type           Power      Damage    Failure   Level
 Blink                    Tloc           20%        N/A       80%         2
 Gell's Gravitas          Tloc           10%        N/A       95%         3
 Lesser Beckoning         Tloc           10%        N/A       95%         3
 Teleport Other           Tloc           10%        N/A       95%         3
 Manifold Assault         Tloc           10%        N/A       100%        5

Inventory:

Hand Weapons
 e - a -1 demon whip of venom
 Y - a +2 war axe (weapon)
Armour
 a - the +5 chain mail of the First Xenops (worn) {Str+4}
   (You acquired it on level 3 of the Dungeon)

   Str:       It affects your strength (+4).
 f - the +1 kite shield "Niroo" (worn) {rC++ rCorr}
   (You acquired it on level 8 of the Dungeon)

   rC:        It greatly protects you from cold.
   rCorr:     It protects you from acid and corrosion.
Jewellery
 j - the ring "Jyvvar" (right hand) {rElec Int+3 Slay+4}
   (You found it on level 5 of the Dungeon)

   [ring of slaying]

   Int:       It affects your intelligence (+3).
   Slay:      It affects your accuracy & damage with ranged weapons and melee
   (+4).
   rElec:     It insulates you from electricity.
 s - a ring of protection from fire
 t - a ring of see invisible (left hand)
Scrolls
 d - a scroll of identify
 l - a scroll of enchant armour
 o - 3 scrolls of teleportation
Potions
 b - 4 potions of mutation
 c - a potion of resistance
 g - a potion of curing
 h - 3 potions of haste
 k - 2 potions of might
 p - a potion of magic
 r - a potion of cancellation
 v - a potion of experience {unknown}

Dungeon Overview and Level Annotations

Branches:
Dungeon (11/15)            Temple (1/1) D:4            Lair (2/5) D:11
    Orc (0/2) D:9
  Swamp: Lair:2-3    Shoals: Lair:2-3     Snake: Lair:2-3    Spider: Lair:2-3

Altars:
Ashenzari
Cheibriados
Dithmenos
Elyvilon
Fedhas
Gozag
Hepliaklqana
Kikubaaqudgha
Makhleb
Nemelex Xobeh
Okawaru
Qazlal
Ru
Sif Muna
Trog
Uskayaw
Vehumet
Wu Jian
Xom
Yredelemnul
Zin
The Shining One

Shops:
D:3 :

Annotations:
D:2 1 runed translucent door, Crazy Yiuf
D:10 1 runed translucent door


Message History

The cane toad poisons you! The orange demon misses you.
You block the orange demon's attack.
You closely miss the orange demon.
The orange demon is almost dead.
You hit the cane toad.
You feel extremely sick. You block the cane toad's attack.
The orange demon misses you. x2
A cane toad comes into view.
You hit the orange demon but do no damage.
You claw the orange demon. You peck the orange demon.
The orange demon is almost dead.
You hit the cane toad but do no damage.
You feel extremely sick. The cane toad barely misses you.
The orange demon stings you but does no damage.
You block the orange demon's attack.
16460 ||| READING 4 scrolls of teleportation.
As you read the scroll of teleportation, it crumbles to dust.
You feel strangely unstable.
You feel extremely sick. You block the cane toad's attack.
The orange demon stings you.
You are more poisoned.
The orange demon poisons you! The orange demon closely misses you.
16461 ||| DRINKING potion of heal wounds.
You feel much better.
You feel extremely sick. You block the cane toad's attack.
The orange demon stings you but does no damage.
You block the orange demon's attack. The cane toad stings you!
You slash the orange demon!
You kill the orange demon!
Okawaru accepts your kill.
You slash the cane toad! You hit the cane toad.
You feel extremely sick. You block the cane toad's attack.
You slash the cane toad! You claw the cane toad!
You kill the cane toad!
Okawaru accepts your kill.
You hit the cane toad.
You die...

### #.. ##..
..## #.. #%##
##>.# #.<####
##@%..#
#...F......
..$.....(.>..
#P..>.........
#..####..##...
##. #.# #.. .
.# .. # ..


You could see a cane toad.

Vanquished Creatures
  A boulder beetle (D:11)
  2 hydras
  A centaur warrior (D:11)
  3 two-headed ogres
  Amaemon (Lair:1)
  A deep elf pyromancer (D:11)
  3 cyclopes
  2 black mambas
  An orange demon (Lair:2)
  4 cane toads
  An unseen horror (D:11)
  A tengu conjurer (D:7)
  An efreet (D:11)
  A komodo dragon (Lair:1)
  A troll (D:11)
  Prince Ribbit (D:8)
  5 blink frogs (Lair:1)
  A jumping spider (shapeshifter) (D:11)
  35 yaks
  3 shadows
  2 steam dragons (D:8)
  3 water moccasins
  An ice beast (D:7)
  3 orc warriors
  2 sky beasts
  6 wolves (Lair:1)
  2 ogres
  A phantom (D:7)
  6 centaurs
  3 kobold brigands
  3 necrophages
  5 scorpions
  6 bullfrogs
  2 gnoll sergeants (D:9)
  4 wights (D:7)
  A jelly (D:6)
  An electric eel (D:7)
  6 howler monkeys
  3 hounds
  A gnoll bouda (D:7)
  4 orc priests
  Jessica (D:2)
  An iguana (D:5)
  8 orc wizards
  17 gnolls
  5 adders
  A white imp (D:8)
  An ufetubus (D:5)
  2 worms
  4 dart slugs
  37 orcs
  7 ball pythons
  6 bats
  14 endoplasms
  3 giant cockroaches
  7 hobgoblins
  4 quokkas
  5 frilled lizards
  4 goblins
  19 kobolds
  7 rats
287 creatures vanquished.

Vanquished Creatures (others)
  8 fungi
  9 plants
17 creatures vanquished.

Grand Total: 304 creatures vanquished

Notes
Turn   | Place    | Note
-------+----------+-------------------------------------------
     0 | D:1      | qw the Tengu Warper began the quest for the Orb.
     0 | D:1      | Reached XP level 1. HP: 12/12 MP: 4/4
     0 | D:1      | 0 ||| qw: Version: 0.1-a-89-g26bdef1
     0 | D:1      | 0 ||| qw: Game counter: 1483
     0 | D:1      | 0 ||| qw: Always use a shield: true
     0 | D:1      | 0 ||| qw: God list: Okawaru
     0 | D:1      | 0 ||| qw: Allow faded altars: false
     0 | D:1      | 0 ||| qw: Do Orc after D:15 true
     0 | D:1      | 0 ||| qw: Do second Lair branch before Depths: true
     0 | D:1      | 0 ||| qw: Lair rune preference: random
     0 | D:1      | 0 ||| qw: Plans: Normal
     0 | D:1      | 0 ||| PLANNING D:1-11
   310 | D:1      | Reached skill level 3 in Axes
   310 | D:1      | Reached XP level 2. HP: 17/17 MP: 6/6
   375 | D:1      | 375 ||| DROPPING +0 club.
   622 | D:1      | 622 ||| Stepping ~*~*~tactically~*~*~ (stealth).
   675 | D:1      | 675 ||| Stepping ~*~*~tactically~*~*~ (stealth).
   676 | D:1      | 676 ||| Stepping ~*~*~tactically~*~*~ (stealth).
   857 | D:1      | Reached XP level 3. HP: 20/21 MP: 7/7
  1078 | D:1      | 1078 ||| UPGRADING to +0 chain mail.
  1088 | D:1      | 1088 ||| DROPPING +0 leather armour.
  1089 | D:1      | 1089 ||| UPGRADING to ring of protection from fire.
  1090 | D:1      | 1090 ||| READING scroll labelled NOTEAF IGIRPH.
  1091 | D:1      | 1091 ||| READING scroll labelled DEATSE PIESTREDUI.
  1092 | D:1      | 1092 ||| DRINKING 2 pink potions.
  1093 | D:1      | 1093 ||| DROPPING scroll of blinking.
  1094 | D:1      | 1094 ||| Stepping randomly (stuck).
  1095 | D:1      | 1095 ||| Stepping ~*~*~tactically~*~*~ (cloud).
  1429 | D:2      | 1429 ||| Stepping ~*~*~tactically~*~*~ (hiding).
  1431 | D:2      | 1431 ||| Stepping ~*~*~tactically~*~*~ (stealth).
  1441 | D:2      | Reached skill level 4 in Axes
  1446 | D:2      | 1446 ||| Stepping ~*~*~tactically~*~*~ (stealth).
  1547 | D:2      | You fall into a shaft and drop 1 floor!
  1571 | D:3      | 1571 ||| READING scroll labelled HADWAC UFOGA.
  1571 | D:3      | Identified a scroll of acquirement
  1571 | D:3      | 1571 ||| ACQUIRING +5 chain mail of the First Xenops
                  | {Str+4}
  1571 | D:3      | Acquired the +5 chain mail of the First Xenops {Str+4}
  1573 | D:3      | 1573 ||| UPGRADING to +5 chain mail of the First Xenops
                  | {Str+4}.
  1583 | D:3      | 1583 ||| DROPPING +0 chain mail.
  1584 | D:3      | 1584 ||| READING scroll labelled QUKHEA CYCANA.
  1741 | D:2      | Found a runed translucent door.
  1742 | D:2      | Noticed Crazy Yiuf
  2032 | D:2      | Reached XP level 4. HP: 24/26 MP: 8/8
  2238 | D:2      | Noticed Jessica
  2246 | D:2      | Killed Jessica
  2247 | D:2      | Reached skill level 5 in Axes
  2519 | D:2      | 2519 ||| READING scroll labelled NATEDU RAUBE.
  2780 | D:3      | 2780 ||| SWAPPING to +0 war axe.
  2781 | D:3      | 2781 ||| DROPPING +0 hand axe.
  2782 | D:3      | Noticed an ice beast
  2936 | D:3      | 2936 ||| Stepping ~*~*~tactically~*~*~ (stealth).
  2994 | D:3      | 2994 ||| Stepping ~*~*~tactically~*~*~ (stealth).
  2995 | D:3      | 2995 ||| Stepping ~*~*~tactically~*~*~ (stealth).
  3076 | D:3      | 3076 ||| Stepping ~*~*~tactically~*~*~ (hiding).
  3078 | D:3      | 3078 ||| Stepping ~*~*~tactically~*~*~ (hiding).
  3196 | D:3      | Gained mutation: Your magical nature lets you fly swiftly
                  | and evasively. [Tengu growth]
  3196 | D:3      | Reached XP level 5. HP: 26/30 MP: 9/9
  3259 | D:3      | 3259 ||| FLEEEEING.
  3261 | D:3      | 3261 ||| FLEEEEING.
  3262 | D:3      | 3262 ||| FLEEEEING.
  3265 | D:3      | 3265 ||| FLEEEEING.
  3266 | D:3      | 3266 ||| FLEEEEING.
  3267 | D:3      | 3267 ||| FLEEEEING.
  3268 | D:3      | 3268 ||| FLEEEEING.
  3269 | D:3      | 3269 ||| FLEEEEING.
  3272 | D:3      | 3272 ||| FLEEEEING.
  3273 | D:3      | 3273 ||| FLEEEEING.
  3274 | D:3      | 3274 ||| FLEEEEING.
  3275 | D:3      | 3275 ||| FLEEEEING.
  3276 | D:3      | 3276 ||| FLEEEEING.
  3277 | D:3      | 3277 ||| FLEEEEING.
  3278 | D:3      | 3278 ||| FLEEEEING.
  3279 | D:3      | 3279 ||| STAIRDANCE
  3534 | D:2      | 3534 ||| READING 2 scrolls of identify.
  3534 | D:2      | 3534 ||| IDENTIFYING fuming green potion
  3535 | D:2      | 3535 ||| DROPPING potion of magic.
  3628 | D:3      | Found Saxiriggi's Book Shop.
  3877 | D:3      | Found a faded altar of an unknown god.
  4031 | D:3      | 4031 ||| FLEEEEING.
  4084 | D:3      | Reached skill level 6 in Axes
  4186 | D:3      | 4186 ||| READING scroll labelled UGICHU WYKH.
  4680 | D:4      | 4680 ||| DROPPING +0 mace.
  4908 | D:4      | Found a staircase to the Ecumenical Temple.
  4909 | D:4      | 4909 ||| PLANNING TEMPLE
  4919 | Temple   | Entered the Ecumenical Temple
  4964 | Temple   | Became a worshipper of Warmaster Okawaru
  5045 | Temple   | 5045 ||| PLANNING D:1-11
  5061 | D:4      | 5061 ||| Stepping ~*~*~tactically~*~*~ (stealth).
  5063 | D:4      | 5063 ||| Stepping ~*~*~tactically~*~*~ (hiding).
  5068 | D:4      | Reached XP level 6. HP: 31/35 MP: 10/10
  5631 | D:4      | 5631 ||| READING scroll labelled UGGEZA SOITIBB.
  5632 | D:4      | 5632 ||| READING 2 scrolls of identify.
  5632 | D:4      | 5632 ||| IDENTIFYING fizzy inky potion
  5640 | D:5      | Entered Level 5 of the Dungeon
  5681 | D:5      | Reached skill level 7 in Axes
  5764 | D:5      | 5764 ||| Stepping ~*~*~tactically~*~*~ (stealth).
  5771 | D:5      | HP: 7/35 [gnoll/+0 whip (5)]
  5772 | D:5      | 5772 ||| READING scroll of teleportation.
  5773 | D:5      | 5773 ||| Stepping ~*~*~tactically~*~*~ (stealth).
  5774 | D:5      | 5774 ||| FLEEEEING.
  5775 | D:5      | 5775 ||| FLEEEEING.
  5776 | D:5      | 5776 ||| FLEEEEING.
  6052 | D:5      | Identified the ring "Jyvvar" {rElec Int+3 Slay+4}
  6066 | D:5      | Reached skill level 3 in Fighting
  6066 | D:5      | Reached XP level 7. HP: 40/41 MP: 11/11
  6092 | D:5      | Found a sparkling altar of Nemelex Xobeh.
  6092 | D:5      | Found a white marble altar of Elyvilon.
  6100 | D:5      | Found a broken altar of Ashenzari.
  6102 | D:5      | Found a sacrificial altar of Ru.
  6104 | D:5      | Found a glowing silver altar of Zin.
  6356 | D:5      | 6356 ||| Stepping ~*~*~tactically~*~*~ (hiding).
  6357 | D:5      | 6357 ||| Stepping ~*~*~tactically~*~*~ (hiding).
  6371 | D:5      | Reached skill level 8 in Axes
  6553 | D:5      | 6553 ||| Stepping ~*~*~tactically~*~*~ (hiding).
  6594 | D:5      | 6594 ||| Stepping ~*~*~tactically~*~*~ (stealth).
  6795 | D:5      | Reached * piety under Okawaru
  6796 | D:5      | Reached skill level 9 in Axes
  6934 | D:5      | 6934 ||| UPGRADING to ring "Jyvvar" {rElec Int+3 Slay+4}.
  6935 | D:5      | 6935 ||| READING 2 scrolls labelled METTUAWKAPN.
  6936 | D:5      | 6936 ||| READING scroll labelled OPAFEOR GOEXAST.
  6937 | D:5      | 6937 ||| DRINKING 2 black potions.
  6938 | D:5      | 6938 ||| DROPPING scroll of fear.
  6986 | D:6      | 6986 ||| Stepping ~*~*~tactically~*~*~ (hiding).
  6991 | D:6      | Reached skill level 1 in Invocations
  6991 | D:6      | Reached XP level 8. HP: 46/46 MP: 12/12
  7104 | D:6      | 7104 ||| Stepping ~*~*~tactically~*~*~ (stealth).
  7105 | D:6      | 7105 ||| Stepping ~*~*~tactically~*~*~ (stealth).
  7204 | D:6      | 7204 ||| Stepping ~*~*~tactically~*~*~ (stealth).
  7205 | D:6      | 7205 ||| Stepping ~*~*~tactically~*~*~ (stealth).
  7302 | D:6      | 7302 ||| Stepping ~*~*~tactically~*~*~ (hiding).
  7306 | D:6      | 7306 ||| Stepping ~*~*~tactically~*~*~ (hiding).
  7309 | D:6      | 7309 ||| INVOKING Heroism.
  7312 | D:6      | Reached skill level 3 in Armour
  7318 | D:6      | 7318 ||| Stepping ~*~*~tactically~*~*~ (stealth).
  7370 | D:6      | Reached skill level 3 in Invocations
  7383 | D:6      | 7383 ||| INVOKING Heroism.
  7386 | D:6      | Reached ** piety under Okawaru
  7405 | D:6      | 7405 ||| FLEEEEING.
  7406 | D:6      | 7406 ||| FLEEEEING.
  7407 | D:6      | 7407 ||| FLEEEEING.
  7408 | D:6      | 7408 ||| FLEEEEING.
  7409 | D:6      | 7409 ||| FLEEEEING.
  7410 | D:6      | 7410 ||| FLEEEEING.
  7411 | D:6      | 7411 ||| FLEEEEING.
  7412 | D:6      | 7412 ||| FLEEEEING.
  7413 | D:6      | 7413 ||| FLEEEEING.
  7419 | D:6      | 7419 ||| FLEEEEING.
  7420 | D:6      | 7420 ||| FLEEEEING.
  7421 | D:6      | 7421 ||| FLEEEEING.
  7422 | D:6      | 7422 ||| FLEEEEING.
  7423 | D:6      | 7423 ||| FLEEEEING.
  7424 | D:6      | 7424 ||| FLEEEEING.
  7891 | D:6      | 7891 ||| INVOKING Heroism.
  8072 | D:6      | 8072 ||| READING 2 scrolls labelled VAGADDICIKK.
  8073 | D:6      | 8073 ||| READING scroll labelled TATTON XUERI.
  8074 | D:6      | 8074 ||| DROPPING scroll of magic mapping.
  8149 | D:7      | 8149 ||| INVOKING Heroism.
  8157 | D:7      | Reached skill level 10 in Axes
  8157 | D:7      | Reached XP level 9. HP: 47/52 MP: 10/13
  8304 | D:7      | Reached skill level 3 in Dodging
  8335 | D:7      | 8335 ||| INVOKING Heroism.
  8574 | D:7      | 8574 ||| INVOKING Heroism.
  8638 | D:7      | 8638 ||| INVOKING Heroism.
  8713 | D:7      | 8713 ||| Stepping ~*~*~tactically~*~*~ (hiding).
  8714 | D:7      | 8714 ||| Stepping ~*~*~tactically~*~*~ (hiding).
  8779 | D:7      | 8779 ||| Stepping ~*~*~tactically~*~*~ (stealth).
  8781 | D:7      | 8781 ||| INVOKING Heroism.
  8783 | D:7      | 8783 ||| Stepping ~*~*~tactically~*~*~ (stealth).
  9046 | D:7      | Noticed a tengu conjurer
  9050 | D:7      | Killed a tengu conjurer
  9051 | D:7      | Reached skill level 11 in Axes
  9075 | D:7      | Noticed a two-headed ogre
  9076 | D:7      | 9076 ||| INVOKING Heroism.
  9082 | D:7      | Killed a two-headed ogre
  9082 | D:7      | Reached *** piety under Okawaru
  9083 | D:7      | Reached skill level 12 in Axes
  9307 | D:7      | Reached XP level 10. HP: 48/59 MP: 14/14
  9591 | D:7      | 9591 ||| READING scroll labelled WORAAV MAHAECH.
  9692 | D:7      | 9692 ||| DRINKING 2 orange potions.
  9693 | D:7      | 9693 ||| READING 3 scrolls of identify.
  9693 | D:7      | 9693 ||| IDENTIFYING smoky silvery potion
  9694 | D:7      | 9694 ||| READING 2 scrolls of identify.
  9694 | D:7      | 9694 ||| IDENTIFYING clear potion
  9695 | D:7      | 9695 ||| DROPPING potion of flight.
  9743 | D:8      | Noticed Prince Ribbit
  9751 | D:8      | Killed Prince Ribbit
  9812 | D:8      | Noticed a two-headed ogre
  9813 | D:8      | 9813 ||| INVOKING Heroism.
  9821 | D:8      | Killed a two-headed ogre
  9821 | D:8      | Reached **** piety under Okawaru
  9822 | D:8      | Reached skill level 6 in Fighting
 10040 | D:8      | 10040 ||| INVOKING Heroism.
 10144 | D:8      | 10144 ||| Stepping ~*~*~tactically~*~*~ (hiding).
 10145 | D:8      | 10145 ||| Stepping ~*~*~tactically~*~*~ (hiding).
 10146 | D:8      | 10146 ||| Stepping ~*~*~tactically~*~*~ (hiding).
 10150 | D:8      | 10150 ||| INVOKING Heroism.
 10234 | D:8      | 10234 ||| READING scroll of acquirement.
 10234 | D:8      | 10234 ||| ACQUIRING +1 kite shield "Niroo" {rC++ rCorr}
 10234 | D:8      | Acquired the +1 kite shield "Niroo" {rC++ rCorr}
 10236 | D:8      | 10236 ||| UPGRADING to +1 kite shield "Niroo" {rC++ rCorr}.
 10321 | D:8      | 10321 ||| Stepping ~*~*~tactically~*~*~ (stealth).
 10324 | D:8      | 10324 ||| Stepping ~*~*~tactically~*~*~ (hiding).
 10328 | D:8      | 10328 ||| INVOKING Heroism.
 10371 | D:8      | Identified the +1 leather armour of the Skies Above {rElec
                  | rF+ Int-5}
 10382 | D:8      | 10382 ||| INVOKING Heroism.
 10389 | D:8      | Reached skill level 1 in Shields
 10783 | D:8      | 10783 ||| DROPPING ring of magical power.
 10911 | D:9      | 10911 ||| INVOKING Heroism.
 10996 | D:9      | Noticed a two-headed ogre
 10997 | D:9      | 10997 ||| INVOKING Heroism.
 11002 | D:9      | Killed a two-headed ogre
 11003 | D:9      | Reached skill level 3 in Shields
 11030 | D:9      | Noticed a cyclops
 11031 | D:9      | 11031 ||| INVOKING Heroism.
 11038 | D:9      | Killed a cyclops
 11168 | D:9      | 11168 ||| Stepping ~*~*~tactically~*~*~ (stealth).
 11242 | D:9      | Found a staircase to the Orcish Mines.
 11275 | D:9      | 11275 ||| Stepping ~*~*~tactically~*~*~ (hiding).
 11276 | D:9      | 11276 ||| Stepping ~*~*~tactically~*~*~ (hiding).
 11279 | D:9      | 11279 ||| Stepping ~*~*~tactically~*~*~ (hiding).
 11280 | D:9      | 11280 ||| Stepping ~*~*~tactically~*~*~ (hiding).
 11387 | D:9      | 11387 ||| Stepping ~*~*~tactically~*~*~ (stealth).
 11390 | D:9      | 11390 ||| INVOKING Heroism.
 11397 | D:9      | Reached skill level 6 in Invocations
 11400 | D:9      | Reached XP level 11. HP: 53/66 MP: 14/16
 11478 | D:9      | 11478 ||| INVOKING Heroism.
 11699 | D:9      | 11699 ||| Stepping ~*~*~tactically~*~*~ (stealth).
 11704 | D:9      | Reached ***** piety under Okawaru
 11712 | D:9      | 11712 ||| INVOKING Heroism.
 12046 | D:10     | Entered Level 10 of the Dungeon
 12286 | D:10     | 12286 ||| Stepping ~*~*~tactically~*~*~ (stealth).
 12288 | D:10     | 12288 ||| Stepping ~*~*~tactically~*~*~ (stealth).
 12298 | D:10     | Reached skill level 6 in Shields
 12303 | D:10     | Identified the +10 lajatang "Boafenu" {vorpal, rElec rF-
                  | rC+ Str+6} (Okawaru gifted it to you on level 10 of the
                  | Dungeon)
 12303 | D:10     | Received a gift from Okawaru
 12425 | D:10     | 12425 ||| INVOKING Heroism.
 12547 | D:10     | 12547 ||| Stepping ~*~*~tactically~*~*~ (stealth).
 12548 | D:10     | 12548 ||| Stepping ~*~*~tactically~*~*~ (hiding).
 12550 | D:10     | 12550 ||| Stepping ~*~*~tactically~*~*~ (hiding).
 12553 | D:10     | 12553 ||| Stepping ~*~*~tactically~*~*~ (stealth).
 12554 | D:10     | 12554 ||| Stepping ~*~*~tactically~*~*~ (stealth).
 12683 | D:10     | Found a runed translucent door.
 12683 | D:10     | Noticed a cyclops
 12684 | D:10     | 12684 ||| INVOKING Heroism.
 12688 | D:10     | Killed a cyclops
 12840 | D:10     | Noticed a four-headed hydra
 12841 | D:10     | 12841 ||| INVOKING Heroism.
 12842 | D:10     | 12842 ||| INVOKING Finesse.
 12844 | D:10     | 12844 ||| SWAPPING to +0 morningstar.
 12849 | D:10     | Killed a four-headed hydra
 12850 | D:10     | 12850 ||| SWAPPING to +0 war axe.
 13151 | D:10     | Noticed an eight-headed hydra
 13154 | D:10     | 13154 ||| UPGRADING to ring of see invisible.
 13156 | D:10     | 13156 ||| READING 2 scrolls labelled VEOBAO PUBORGH.
 13157 | D:10     | 13157 ||| READING scroll of enchant weapon.
 13157 | D:10     | 13157 ||| ENCHANTING +1 war axe.
 13158 | D:10     | 13158 ||| READING scroll labelled TOCWUGACSI.
 13252 | D:11     | 13252 ||| INVOKING Heroism.
 13279 | D:11     | 13279 ||| FLEEEEING.
 13284 | D:11     | 13284 ||| FLEEEEING.
 13301 | D:11     | 13301 ||| INVOKING Heroism.
 13303 | D:11     | HP: 9/66 [efreet/fireball (25)]
 13304 | D:11     | 13304 ||| READING 3 scrolls of teleportation.
 13639 | D:11     | Noticed a boulder beetle
 13640 | D:11     | 13640 ||| INVOKING Heroism.
 13652 | D:11     | Killed a boulder beetle
 13670 | D:11     | Noticed a cyclops
 13671 | D:11     | 13671 ||| INVOKING Heroism.
 13678 | D:11     | Killed a cyclops
 13805 | D:11     | Found a staircase to the Lair.
 14049 | D:11     | Noticed a deep elf pyromancer
 14059 | D:11     | Killed a deep elf pyromancer
 14085 | D:11     | Noticed a centaur warrior
 14096 | D:11     | Killed a centaur warrior
 14096 | D:11     | Received a gift from Okawaru
 14097 | D:11     | Reached skill level 9 in Invocations
 14097 | D:11     | Reached XP level 12. HP: 59/71 MP: 19/19
 14257 | D:11     | Noticed a four-headed hydra
 14258 | D:11     | 14258 ||| INVOKING Heroism.
 14259 | D:11     | 14259 ||| INVOKING Finesse.
 14261 | D:11     | 14261 ||| SWAPPING to +0 morningstar.
 14267 | D:11     | Killed a four-headed hydra
 14268 | D:11     | Reached skill level 13 in Axes
 14268 | D:11     | 14268 ||| SWAPPING to +2 war axe.
 14440 | D:11     | 14440 ||| INVOKING Heroism.
 14457 | D:11     | 14457 ||| FLEEEEING.
 14458 | D:11     | 14458 ||| FLEEEEING.
 14459 | D:11     | 14459 ||| FLEEEEING.
 14460 | D:11     | 14460 ||| FLEEEEING.
 14461 | D:11     | 14461 ||| FLEEEEING.
 14462 | D:11     | 14462 ||| FLEEEEING.
 14463 | D:11     | 14463 ||| FLEEEEING.
 14464 | D:11     | 14464 ||| FLEEEEING.
 14465 | D:11     | 14465 ||| FLEEEEING.
 14659 | D:11     | 14659 ||| PLANNING LAIR
 14659 | D:11     | 14659 ||| DRINKING 2 viscous black potions.
 14763 | D:11     | 14763 ||| DRINKING 2 amethyst potions.
 14764 | D:11     | 14764 ||| READING 3 scrolls of identify.
 14764 | D:11     | 14764 ||| IDENTIFYING fizzy ruby potion
 14765 | D:11     | 14765 ||| READING 2 scrolls of identify.
 14765 | D:11     | 14765 ||| IDENTIFYING ruby potion
 14766 | D:11     | 14766 ||| DROPPING potion of berserk rage.
 14767 | D:11     | 14767 ||| DROPPING potion of brilliance.
 14811 | Lair:1   | Entered Level 1 of the Lair of Beasts
 14938 | Lair:1   | 14938 ||| INVOKING Heroism.
 14943 | Lair:1   | 14943 ||| Stepping ~*~*~tactically~*~*~ (stealth).
 14990 | Lair:1   | 14990 ||| Stepping ~*~*~tactically~*~*~ (stealth).
 14995 | Lair:1   | 14995 ||| Stepping ~*~*~tactically~*~*~ (stealth).
 14997 | Lair:1   | 14997 ||| Stepping ~*~*~tactically~*~*~ (stealth).
 15019 | Lair:1   | 15019 ||| Stepping ~*~*~tactically~*~*~ (stealth).
 15038 | Lair:1   | 15038 ||| Stepping ~*~*~tactically~*~*~ (stealth).
 15039 | Lair:1   | 15039 ||| Stepping ~*~*~tactically~*~*~ (stealth).
 15047 | Lair:1   | 15047 ||| Stepping ~*~*~tactically~*~*~ (stealth).
 15093 | Lair:1   | 15093 ||| INVOKING Heroism.
 15109 | Lair:1   | Reached skill level 14 in Axes
 15162 | Lair:1   | 15162 ||| Stepping ~*~*~tactically~*~*~ (stealth).
 15164 | Lair:1   | 15164 ||| Stepping ~*~*~tactically~*~*~ (stealth).
 15171 | Lair:1   | 15171 ||| Stepping ~*~*~tactically~*~*~ (stealth).
 15172 | Lair:1   | 15172 ||| Stepping ~*~*~tactically~*~*~ (stealth).
 15593 | Lair:1   | 15593 ||| Stepping ~*~*~tactically~*~*~ (stealth).
 15729 | Lair:1   | 15729 ||| INVOKING Heroism.
 16111 | Lair:1   | 16111 ||| READING 2 scrolls labelled DULODEE VUPNANLAIJ.
 16112 | Lair:1   | 16112 ||| READING 2 scrolls of identify.
 16112 | Lair:1   | 16112 ||| IDENTIFYING smoky brown potion
 16113 | Lair:1   | 16113 ||| DROPPING potion of lignification.
 16133 | Lair:2   | Noticed Amaemon
 16134 | Lair:2   | 16134 ||| INVOKING Heroism.
 16138 | Lair:2   | 16138 ||| Stepping ~*~*~tactically~*~*~ (hiding).
 16144 | Lair:2   | 16144 ||| STAIRDANCE
 16158 | Lair:1   | Killed Amaemon
 16159 | Lair:1   | Reached skill level 9 in Shields
 16164 | Lair:1   | HP: 18/72 [poisoned by Amaemon]
 16169 | Lair:1   | HP: 15/72 [poisoned by Amaemon]
 16436 | Lair:1   | 16436 ||| DROPPING +0 morningstar.
 16440 | Lair:2   | 16440 ||| STAIRDANCE
 16446 | Lair:2   | 16446 ||| Stepping ~*~*~tactically~*~*~ (hiding).
 16456 | Lair:2   | 16456 ||| INVOKING Heroism.
 16459 | Lair:2   | HP: 15/72 [poisoned by a cane toad]
 16460 | Lair:2   | 16460 ||| READING 4 scrolls of teleportation.
 16460 | Lair:2   | HP: 3/72 [orange demon[Amaemon] (6)]
 16461 | Lair:2   | 16461 ||| DRINKING potion of heal wounds.
 16462 | Lair:2   | HP: 1/72 [poisoned by an orange demon]
 16463 | Lair:2   | Succumbed to an orange demon's poison

Levels and vault maps discovered:
D:1:      nicolae_arrival_washed_ashore, layout_basic, minmay_misc_feat_pillars
D:2:      layout_basic, kennysheep_cross_bottleneck, uniq_jessica,
          uniq_crazy_yiuf_cottage
D:3:      layout_basic, hellmonk_ecumenical_altar_zigzags, serial_shops,
          nicolae_diamond_shop, lightli_corner_chamber
D:4:      layout_cave_pods, minmay_temple_entry_glassed_door
D:5:      layout_gridville, chequers_temple_overflow_minitemple,
          chequers_serial_rivers_small_a, minmay_circle_x
D:6:      layout_loops_corners
D:7:      layout_cave_pods, fountainhead, minmay_three_doors
D:8:      layout_basic, uniq_prince_ribbit1
D:9:      layout_basic, orc_0_dummy
D:10:     layout_irregular_city, minivault_13
D:11:     minmay_cornered_nines, layout_loops_ring, dpeg_oklobed_lair
Temple:   minmay_temple_bridge_d
Lair:1:   layout_cave_pods, grunt_megastairs_1
Lair:2:   layout_loops_ring, guppyfry_snake_entry_garden, uniq_gastronok,
          uniq_amaemon

Skill      XL: |  1  2  3  4  5  6  7  8  9 10 11 12 |
---------------+-------------------------------------+-----
Axes           | 3 4 5 6 7 9 10 12 14 | 14.1
Armour         | 2 3 4 5 |  5.0
Fighting       | 3 4 5 6 7 |  7.1
Invocations    | 1 4 6 9 10 | 10.0
Dodging        | 3 4 |  4.2
Shields        | 5 8 9 |  9.1
Throwing       | |  1.0
Spellcasting   | |  2.0
Translocations | |  2.4

Action                   |  1- 3 |  4- 6 |  7- 9 | 10-12 || total
-------------------------+-------+-------+-------+-------++-------
Melee: Hand axe          |    90 |    10 |       |       ||   100
       Kick              |    21 |    39 |    48 |   125 ||   233
       Peck              |    11 |    16 |    28 |    78 ||   133
       War axe           |       |   120 |   164 |   368 ||   652
       Punch             |       |       |     4 |       ||     4
       Morningstar       |       |       |       |     7 ||     7
Throw: Boomerang         |     7 |       |       |    72 ||    79
Invok: Heroism           |       |       |     9 |    25 ||    34
       Finesse           |       |       |       |     2 ||     2
  Use: Scroll            |     4 |     6 |     4 |    13 ||    27
       Potion            |     1 |       |     1 |     4 ||     6
Armor: Leather armour    |    11 |       |       |       ||    11
       Chain mail        |    19 |    74 |    95 |   123 ||   311
Dodge: Dodged            |    33 |    48 |    79 |   100 ||   260
Block: Kite shield       |       |       |       |   168 ||   168

Table legend:
 A = Non-vault XP
 B = Vault XP
 C = Vault XP percentage of total XP
 D = Non-vault monster count
 E = Vault monster count
 F = Vault count percentage of total count
                 A         B        C        D         E       F
            +---------+---------+-------+---------+---------+-------
      Total |   23806 |    6477 |  21.4 |     267 |      20 |   7.0
            +---------+---------+-------+---------+---------+-------
        D:1 |      41 |       0 |   0.0 |      24 |       0 |   0.0
        D:2 |      48 |      37 |  43.5 |      20 |       1 |   4.8
        D:3 |      99 |       0 |   0.0 |      24 |       0 |   0.0
        D:4 |     141 |       0 |   0.0 |      22 |       0 |   0.0
        D:5 |     631 |     175 |  21.7 |      23 |       2 |   8.0
        D:6 |    1130 |       0 |   0.0 |      18 |       0 |   0.0
        D:7 |    1102 |    1341 |  54.9 |      18 |       3 |  14.3
        D:8 |    1659 |     268 |  13.9 |      18 |       1 |   5.3
        D:9 |    3896 |       0 |   0.0 |      36 |       0 |   0.0
       D:10 |    3244 |     541 |  14.3 |      17 |       1 |   5.6
       D:11 |    5716 |    1639 |  22.3 |      21 |       3 |  12.5
     Lair:1 |    5228 |    2060 |  28.3 |      24 |       8 |  25.0
     Lair:2 |     871 |     416 |  32.3 |       2 |       1 |  33.3
            +---------+---------+-------+---------+---------+-------
